 Dungeon Crawl Stone Soup version 0.28.0-53-g5a82cb258f (webtiles) character file.

Game seed: 5127397424485233989

644 Zeld the Chopper (level 7, -1/64 HPs)
             Began as a Minotaur Berserker on May 23, 2022.
             Was an Elder of Trog.
             Slain by Grinder the lemure (4 damage)
             ... in a sewer.
             The game lasted 00:05:58 (4430 turns).

Zeld the Chopper (Minotaur Berserker)               Turns: 4430, Time: 00:06:00

Health: -1/64      AC: 12    Str: 24    XL:     7   Next: 27%
Magic:  6/6        EV:  7    Int:  4    God:    Trog [****..]
Gold:   199        SH:  0    Dex:  9    Spells: 6/6 levels left

rFire   . . .      SeeInvis .   a - +0 hand axe
rCold   . . .      Faith    .   (no shield)
rNeg    . . .      Spirit   .   m - +0 plate armour
rPois   .          Reflect  .   (helmet restricted)
rElec   .          Harm     .   g - +0 cloak
rCorr   .          Rampage  .   (no gloves)
Will    .....                   (no boots)
Stlth   ..........              (no amulet)
HPRegen 0.20/turn               (no ring)
MPRegen 0.10/turn               (no ring)

@: on berserk cooldown, slowed, very slow
A: horns 2, retaliatory headbutt
a: Renounce Religion, Berserk, Trog's Hand, Brothers in Arms


You were in a sewer.
You worshipped Trog.
Trog was greatly pleased with you.
You visited 1 branch of the dungeon, and saw 5 of its levels.
You also visited: Sewer.

You collected 199 gold pieces.

Inventory:

Hand Weapons
 a - a +0 hand axe (weapon)
Armour
 g - a +0 cloak (worn)
 m - a +0 plate armour (worn)
Wands
 b - a wand of mindburst (13)
 j - a wand of polymorph (3)
Scrolls
 c - 6 scrolls of identify {unknown}
 e - a scroll of enchant weapon {unknown}
 i - 2 scrolls of fog {unknown}
 l - a scroll of immolation {unknown}
 n - a scroll of enchant armour {unknown}
Potions
 d - a potion of magic {unknown}
 f - a potion of mutation {unknown}
 h - a potion of berserk rage {unknown}
 k - a potion of attraction {unknown}
 o - a potion of resistance {unknown}


   Skills:
 * Level 6.9 Fighting
 * Level 6.9 Axes
 - Level 3.0 Armour
 + Level 4.3 Dodging


You had 6 spell levels left.
You didn't know any spells.
Your spell library was empty.

Dungeon Overview and Level Annotations

Branches:
Dungeon (5/15)              Sewer (1/1)
 Temple: D:4-7

Altars:

Annotations:
Sewer Grinder


Innate Abilities, Weirdness & Mutations

You have a pair of horns on your head.
You reflexively headbutt those who attack you in melee.


Message History

You kill the kobold!
Trog accepts your kill.
You hear a splash. x2
Your skin stops crawling.
You feel less strong-willed. Grinder gestures at you.
You suddenly lose the ability to move!
Grinder blinks!
Grinder gestures at you. You resist with significant effort.
Grinder gestures at you.
You struggle to resist.
You can move again.
Items here: ( ))))) †††††.
You feel a strong urge to attack something.
You are no longer berserk.
You are exhausted.
You feel yourself slow down. Grinder hits you.
* * * LOW HITPOINT WARNING * * *
You writhe in agony.
* * * LOW HITPOINT WARNING * * *
You see here a bat corpse.
Unknown command.
Unknown command.
Aiming: Polymorph
Press: ? - help, Shift-Dir - straight line, f - Grinder
Aim: Grinder (will become a neqoxec, a chaos spawn, or a lemure, chance to affect: 49%) Grinder resists with some effort.
Grinder blinks!
Unknown command.
Unknown command.
Aiming: Polymorph
Press: ? - help, Shift-Dir - straight line, f/p - Grinder
Aim: Grinder (will become a neqoxec, a chaos spawn, or a lemure, chance to affect: 49%) Grinder evaporates and reforms as a lemure!
Grinder closely misses you.
Unknown command.
Unknown command.
Grinder hits you but does no damage. Why would you want to do that?
Grinder hits you.
You die... ###### +.≈≈# ≈≈≈≈≈≈≈≈≈≈≈≈≈.#.≈≈# ≈≈≈≈≈≈≈≈≈≈≈≈≈.#.≈≈# ≈≈≈≈≈≈≈≈≈≈≈≈≈.#.≈≈# .. ≈≈≈≈≈≈≈≈≈≈≈≈..#.≈≈# '''

≈≈≈≈≈≈≈≈≈≈.... ..≈# ....
##≈#≈≈###≈#.####.###..⌠.
.......)....≈≈#.@.#.....
...........≈≈≈≈.5.'.⌠._.
.......)....≈≈#...#.....
#≈##≈##≈###.####.## ..⌠.
≈≈≈≈≈≈≈≈≈≈≈...#†≈≈# ...
≈≈≈≈≈≈≈≈≈≈≈≈..#))≈# ''
≈≈≈≈≈≈≈≈≈≈≈≈≈.#)≈≈# .
≈≈≈≈≈≈≈≈≈≈≈≈..#)≈≈#
≈≈≈≈≈≈≈≈≈≈≈≈≈.#)≈≈#


You could see Grinder the lemure.

Vanquished Creatures
  2 kobold brigands (Sewer)
  A water moccasin skeleton (D:5)
  2 orc priests (D:4)
  A bullfrog skeleton (D:4)
  An iguana (D:4)
  Natasha (thrice) (D:3)
  3 orc wizards
  An adder (D:4)
  2 shadow imps (Sewer)
  A white imp (D:5)
  3 ufetubi (Sewer)
  5 worms
  2 dart slugs
  7 orcs
  A bat zombie (Sewer)
  6 endoplasms
  4 giant cockroaches
  14 goblins
  9 hobgoblins
  A jackal (D:2)
  6 quokkas
  8 ball pythons
  8 bats
  6 frilled lizards
  22 kobolds
  9 rats
128 creatures vanquished.

Vanquished Creatures (others)
  4 toadstools (D:1)
4 creatures vanquished.

Grand Total: 132 creatures vanquished

Notes
Turn   | Place    | Note
-------+----------+-------------------------------------------
     0 | D:1      | Zeld the Minotaur Berserker began the quest for the Orb.
     0 | D:1      | Reached XP level 1. HP: 19/19 MP: 0/0
   229 | D:1      | Reached XP level 2. HP: 27/27 MP: 1/1
   429 | D:1      | Reached ** piety under Trog
   898 | D:2      | Reached XP level 3. HP: 24/33 MP: 2/2
  2143 | D:3      | Noticed Natasha
  2147 | D:3      | Killed Natasha
  2148 | D:3      | Reached XP level 4. HP: 36/41 MP: 3/3
  2388 | D:3      | Noticed Natasha
  2401 | D:3      | Killed Natasha
  2466 | D:3      | Reached *** piety under Trog
  2467 | D:3      | Reached skill level 5 in Axes
  2474 | D:3      | Reached skill level 5 in Fighting
  2721 | D:3      | Noticed Natasha
  2729 | D:3      | Killed Natasha
  2730 | D:3      | Reached XP level 5. HP: 48/48 MP: 4/4
  3280 | D:4      | Reached XP level 6. HP: 17/57 MP: 5/5
  3722 | D:5      | Entered Level 5 of the Dungeon
  4198 | D:5      | Found a glowing drain.
  4215 | Sewer    | Entered a sewer
  4356 | Sewer    | Reached **** piety under Trog
  4368 | Sewer    | Reached XP level 7. HP: 40/64 MP: 6/6
  4390 | Sewer    | Found an ancient bone altar of Kikubaaqudgha.
  4395 | Sewer    | Noticed Grinder
  4415 | Sewer    | Paralysed by Grinder for 7 turns
  4424 | Sewer    | HP: 2/64 [Grinder (4)]
  4426 | Sewer    | Noticed Grinder
  4426 | Sewer    | Grinder changed into Grinder the lemure
  4430 | Sewer    | Slain by Grinder the lemure

Illustrated notes

Levels and vault maps discovered:
D:1:      ldierk_walled_garden_2, layout_rooms, minmay_misc_feat_tiny
D:2:      layout_loops_corners, minmay_tetromino_s2
D:3:      cheibrodos_greedy_goblins, layout_rooms, serial_curves,
          eino_curves_01, eino_curves_02, uniq_natasha
D:4:      layout_cave_pools
D:5:      cheibrodos_two_vegetables, layout_basic, gup_sewer_entry_pipe,
          grunt_decor_cap, minmay_fractal_squares_gapless_5
Sewer:    kennysheep_sewer_church

Skill      XL: |  1  2  3  4  5  6 |
---------------+-------------------+-----
Axes           | 4 5 6 |  6.9
Fighting       | 4 5 6 |  6.9
Armour         | 3 |  3.0
Dodging        | 3 4 |  4.3

Action                   |  1- 3 |  4- 6 |  7- 9 || total
-------------------------+-------+-------+-------++-------
Melee: Hand axe          |   102 |   159 |    15 ||   276
       Headbutt          |    14 |    28 |     4 ||    46
       Unarmed           |       |    11 |       ||    11
       Punch             |       |     1 |       ||     1
Invok: Berserk           |       |     1 |     1 ||     2
       Trog's Hand       |       |     1 |     1 ||     2
Evoke: Wand              |       |       |     2 ||     2
Armor: Animal skin       |    21 |     3 |       ||    24
       Skin              |       |     3 |       ||     3
       Plate armour      |       |    95 |    13 ||   108
Dodge: Dodged            |    62 |    67 |    18 ||   147
